Anaheim Ducks vs New York Rangers
Created - Thursday, May 15, 2025 at 07:39
Goals
|
| Anaheim Ducks |
0 |
2 |
1 |
3 |
| New York Rangers |
1 |
3 |
2 |
6 |
|
Shots
|
| Anaheim Ducks |
12 |
7 |
16 |
35 |
| New York Rangers |
11 |
11 |
15 |
37 |
|
1st period
1. New York Rangers , Teuvo Teravainen 18 (Sean Couturier 27, Conor Garland 20) at 8:56
Penalties :
Adam Larsson (NYR) for Roughing (Minor) at 3:07, John Marino (NYR) for Tripping (Minor) at 11:09
2nd period
2. Anaheim Ducks , Chandler Stephenson 13 (Alexandre Texier 11, Brenden Dillon 9) at 1:41
3. New York Rangers , Sean Couturier 14 (Conor Garland 21) at 7:26
4. New York Rangers , Cole Caufield 27 (Nathan MacKinnon 31, Cam Fowler 18) at 7:46 (PP)
5. Anaheim Ducks , Nazem Kadri 20 (Esa Lindell 16, John Tavares 44) at 14:29
6. New York Rangers , Jake McCabe 2 (Artemi Panarin 32, Nathan MacKinnon 32) at 18:13
Penalties :
Igor Shesterkin (NYR) for Slashing (Minor) at 3:04 - Dylan Strome served the penalty, John Tavares (ANA) for Hooking (Minor) at 7:33, Mark Scheifele (ANA) for Roughing (Minor) at 18:16
3rd period
7. Anaheim Ducks , Nazem Kadri 21 (John Tavares 45) at 13:24
8. New York Rangers , Sean Couturier 15 (Conor Garland 22, Jake Walman 11) at 17:12
9. New York Rangers , Marcus Foligno 9 (David Kampf 10) at 19:40
Penalties :
Mikael Granlund (NYR) for Interference (Minor) at 2:22
Goalie Stats
James Reimer (ANA), 31 saves from 37 shots - (0.838), L, 6-4-3, 60:00 minutes
Igor Shesterkin (NYR), 32 saves from 35 shots - (0.914), W, 22-20-7, 60:00 minutes
Players Stats for Anaheim Ducks
Player Name G A P +/- PIM S H SB GA TA FO MP PP MP PK MP
------------------------------------------------------------------------------------
Alex Killorn 0 0 0 0 0 1 1 0 0 0 0/0 16:36 3:47 0:17
Alexandre Texier 0 1 1 0 0 1 2 0 0 1 0/0 13:15 0:58 0:22
Alexey Toropchenko 0 0 0 0 0 1 0 0 0 0 0/0 6:40 0:00 0:00
Brayden Schenn 0 0 0 0 0 2 3 0 0 0 1/1 18:25 4:02 1:33
Brenden Dillon 0 1 1 -1 0 0 1 3 0 0 0/0 14:50 0:16 0:37
Chandler Stephenson 1 0 1 0 0 7 3 0 2 0 5/9 12:41 0:24 0:17
Esa Lindell 0 1 1 0 0 0 4 4 0 1 0/0 25:06 3:32 1:35
Ivan Provorov 0 0 0 -1 0 1 0 2 0 1 0/0 21:55 3:32 1:35
J.T. Compher 0 0 0 0 0 0 0 0 0 0 3/5 14:21 0:34 1:42
John Tavares 0 2 2 -2 2 5 0 1 0 0 2/4 22:16 3:32 0:13
Josh Manson 0 0 0 -1 0 0 1 4 0 1 0/0 14:05 0:00 0:00
Joshua Morrissey 0 0 0 0 0 1 2 1 0 1 0/0 24:00 4:24 0:37
Luke Evangelista 0 0 0 0 0 3 0 0 2 0 0/0 6:40 0:00 0:00
Mark Scheifele 0 0 0 0 2 4 3 0 0 0 5/13 16:27 3:48 0:00
Mason Marchment 0 0 0 0 0 1 1 0 1 1 0/1 6:40 0:00 0:00
Morgan Rielly 0 0 0 -1 0 0 2 1 0 1 0/0 20:04 4:08 0:00
Nazem Kadri 2 0 2 -2 0 5 3 0 0 0 11/30 21:39 3:09 0:00
William Nylander 0 0 0 -2 0 3 1 1 1 1 2/3 22:06 3:34 0:00
Players Stats for New York Rangers
Player Name G A P +/- PIM S H SB GA TA FO MP PP MP PK MP
------------------------------------------------------------------------------------
Adam Larsson 0 0 0 0 2 0 2 2 0 1 0/0 23:54 0:00 3:17
Artemi Panarin 0 1 1 0 0 2 0 1 1 0 0/0 15:23 1:29 0:00
Cam Fowler 0 1 1 2 0 1 1 0 1 0 0/0 22:23 1:29 1:27
Cole Caufield 1 0 1 0 0 7 0 1 0 0 0/1 16:51 1:34 1:04
Conor Garland 0 3 3 2 0 4 0 2 3 1 1/2 13:57 0:38 0:00
David Kampf 0 1 1 0 0 2 1 1 1 1 5/10 12:06 0:00 3:14
Dylan Strome 0 0 0 0 0 0 1 1 0 0 10/13 15:12 0:38 0:17
Jake McCabe 1 0 1 0 0 1 0 3 0 1 0/0 23:40 0:00 3:45
Jake Walman 0 1 1 2 0 2 3 0 0 0 0/0 23:20 0:43 4:11
John Marino 0 0 0 0 2 0 1 1 0 0 0/0 14:07 0:00 3:12
Marcus Foligno 1 0 1 0 0 5 1 0 0 0 0/0 11:39 0:00 2:58
Matthew Benning 0 0 0 0 0 1 0 1 0 1 0/0 11:02 0:00 0:00
Mikael Granlund 0 0 0 0 2 0 1 0 0 0 6/14 18:01 1:34 2:56
Nathan MacKinnon 0 2 2 0 0 2 0 0 1 0 2/4 15:09 1:34 0:00
Sean Couturier 2 1 3 2 0 4 1 0 0 0 10/17 14:50 0:00 1:29
Teuvo Teravainen 1 0 1 2 0 3 1 0 0 0 1/1 18:04 0:43 3:54
Timo Meier 0 0 0 0 0 2 2 0 1 0 2/4 14:45 0:38 0:00
Tyler Motte 0 0 0 0 0 1 0 1 0 1 0/0 7:38 0:00 0:00
3 Stars
1 - Sean Couturier (NYR)
2 - Conor Garland (NYR)
3 - Teuvo Teravainen (NYR)
Power Play
Anaheim Ducks - 0 on 4 Attempt(s) - 0.00%
New York Rangers - 1 on 2 Attempt(s) - 50.00%
Penalty Kill
Anaheim Ducks - 1 on 2 Attempt(s) - 50.00%
- Score 0 goal in Penalty Kill
New York Rangers - 4 on 4 Attempt(s) - 100.00%
- Score 0 goal in Penalty Kill
Team Stat
Anaheim Ducks - Hits : 27 - Faceoff Wins : 29 - Blocked Shots : 17 - Penalty Minutes : 4
New York Rangers - Hits : 15 - Faceoff Wins : 37 - Blocked Shots : 14 - Penalty Minutes : 8
Official
Referees : Jordan Samuels and Jake Brenk
Linesman : Libor Suchanek and Justin Johnson
Game Notes
19:01 of 1st period - Anaheim Ducks goal is going for a video replay. After video review, No Goal. The referee deems the play has been stopped, even if he had not physically had the opportunity to stop play by blowing his whistle.
7:46 of 2nd period - New York Rangers goal is going for a video replay. After video review, Goal.
Finance
Level 1 -- Attendance: 5026 (83.77%) -- Ticket Income $512,652
Level 2 -- Attendance: 3882 (77.64%) -- Ticket Income $244,566
Level 3 -- Attendance: 2040 (68.00%) -- Ticket Income $83,640
Level 4 -- Attendance: 3400 (68.00%) -- Ticket Income $95,200
Luxury Box -- Attendance: 865 (86.50%) -- Ticket Income $168,675
Game was played at the Madison Square Garden.
Total Attendance: 15213 (76.07%)
Total Ticket Income: $1,104,733
Other Income: $386,657
Total Income: $1,491,390
Anaheim Ducks
5 vs 5 Forward
Center Left Wing Right Wing Time % Phy DF OF
1 Nazem Kadri John Tavares William Nylander 40 1 2 2
2 Mark Scheifele Brayden Schenn Alex Killorn 30 1 2 2
3 Chandler Stephenson J.T. Compher Alexandre Texier 20 1 2 2
4 Mason Marchment Alexey Toropchenko Luke Evangelista 10 1 2 2
5 vs 5 Defense
Defense Defense Time % Phy DF OF
1 Esa Lindell Joshua Morrissey 40 1 2 2
2 Ivan Provorov Morgan Rielly 35 1 2 2
3 Brenden Dillon Josh Manson 25 1 2 2
4 Esa Lindell Ivan Provorov 0 1 2 2
PowerPlay Forward
Center Left Wing Right Wing Time % Phy DF OF
1 John Tavares Brayden Schenn William Nylander 60 1 1 3
2 Nazem Kadri Alex Killorn Mark Scheifele 40 1 1 3
PowerPlay Defense
Defense Defense Time % Phy DF OF
1 Morgan Rielly Joshua Morrissey 60 1 1 3
2 Ivan Provorov Esa Lindell 40 1 2 2
Penalty Kill 4 Players Forward
Center Wing Time % Phy DF OF
1 J.T. Compher Brayden Schenn 60 1 3 1
2 Chandler Stephenson Alex Killorn 40 1 3 1
Penalty Kill 4 Players Defense
Defense Defense Time % Phy DF OF
1 Esa Lindell Ivan Provorov 60 1 3 1
2 Joshua Morrissey Brenden Dillon 40 1 3 1
Penalty Kill - 3 Players Forward
Forward Time % Phy DF OF
1 J.T. Compher 60 1 4 0
2 Brayden Schenn 40 1 4 0
Penalty Kill - 3 Players Defense
Defense Defense Time % Phy DF OF
1 Esa Lindell Ivan Provorov 60 1 4 0
2 Joshua Morrissey Brenden Dillon 40 1 4 0
4 vs 4 Forward
Center Wing Time % Phy DF OF
1 Nazem Kadri John Tavares 60 1 2 2
2 Brayden Schenn William Nylander 40 1 2 2
4 vs 4 Defense
Defense Defense Time % Phy DF OF
1 Esa Lindell Joshua Morrissey 60 1 2 2
2 Morgan Rielly Ivan Provorov 40 1 2 2
Last Minutes Offensive
Center Left Wing Right Wing Defense Defense
Nazem Kadri John Tavares William Nylander Joshua Morrissey Morgan Rielly
Last Minutes Defensive
Center Left Wing Right Wing Defense Defense
J.T. Compher Alex Killorn Brayden Schenn Ivan Provorov Esa Lindell
Goaltenders
Starting : James Reimer
Backup : Linus Ullmark
Extra Forwards
Normal : William Nylander, John Tavares, Brayden Schenn - PP : Nazem Kadri, William Nylander - PK : J.T. Compher
Extra Defensemen
Normal : Esa Lindell, Morgan Rielly, Brenden Dillon - PP : Joshua Morrissey - PK : Esa Lindell, Ivan Provorov
Penalty Shots
Alexandre Texier, Brenden Dillon, Mark Scheifele, John Tavares, Brayden Schenn
Scratches
Jakob Chychrun (Healthy)
New York Rangers
5 vs 5 Forward
Center Left Wing Right Wing Time % Phy DF OF
1 Mikael Granlund Artemi Panarin Nathan MacKinnon 30 1 2 2
2 Dylan Strome Cole Caufield Timo Meier 30 1 1 3
3 Sean Couturier Teuvo Teravainen Conor Garland 25 1 2 2
4 David Kampf Tyler Motte Marcus Foligno 15 1 2 2
5 vs 5 Defense
Defense Defense Time % Phy DF OF
1 Jake McCabe Adam Larsson 40 1 2 2
2 Cam Fowler Jake Walman 35 1 2 2
3 John Marino Matthew Benning 25 1 2 2
4 Cam Fowler Jake McCabe 0 1 2 2
PowerPlay Forward
Center Left Wing Right Wing Time % Phy DF OF
1 Nathan MacKinnon Mikael Granlund Cole Caufield 60 1 1 3
2 Dylan Strome Timo Meier Conor Garland 40 1 1 3
PowerPlay Defense
Defense Defense Time % Phy DF OF
1 Cam Fowler Artemi Panarin 60 1 1 3
2 Teuvo Teravainen Jake Walman 40 1 1 3
Penalty Kill 4 Players Forward
Center Wing Time % Phy DF OF
1 David Kampf Marcus Foligno 50 1 2 2
2 Mikael Granlund Teuvo Teravainen 50 1 2 2
Penalty Kill 4 Players Defense
Defense Defense Time % Phy DF OF
1 Jake Walman John Marino 50 1 2 2
2 Adam Larsson Jake McCabe 50 1 2 2
Penalty Kill - 3 Players Forward
Forward Time % Phy DF OF
1 David Kampf 50 1 2 2
2 Mikael Granlund 50 1 2 2
Penalty Kill - 3 Players Defense
Defense Defense Time % Phy DF OF
1 Jake Walman John Marino 50 1 2 2
2 Adam Larsson Cam Fowler 50 1 2 2
4 vs 4 Forward
Center Wing Time % Phy DF OF
1 Nathan MacKinnon Artemi Panarin 50 1 2 2
2 Dylan Strome Cole Caufield 50 1 2 2
4 vs 4 Defense
Defense Defense Time % Phy DF OF
1 Jake Walman Jake McCabe 50 1 2 2
2 Adam Larsson Cam Fowler 50 1 2 2
Last Minutes Offensive
Center Left Wing Right Wing Defense Defense
Nathan MacKinnon Artemi Panarin Cole Caufield Cam Fowler Jake Walman
Last Minutes Defensive
Center Left Wing Right Wing Defense Defense
David Kampf Mikael Granlund Marcus Foligno Jake Walman John Marino
Goaltenders
Starting : Igor Shesterkin
Backup : Kevin Lankinen
Extra Forwards
Normal : Cole Caufield, Artemi Panarin, Timo Meier - PP : Dylan Strome, Conor Garland - PK : Sean Couturier
Extra Defensemen
Normal : Jake Walman, John Marino, Adam Larsson - PP : John Marino - PK : Jake Walman, Adam Larsson
Penalty Shots
Artemi Panarin, Dylan Strome, Cole Caufield, Conor Garland, Nathan MacKinnon
Scratches
None
% Time on Ice - Anaheim Ducks
Lines # - Real PCT - Wanted PCT - Time Play
Normal Forward
1 - 38% - 40% - 18:43
2 - 25% - 30% - 12:35
3 - 24% - 20% - 11:54
4 - 13% - 10% - 6:40
Normal Defense
1 - 38% - 40% - 19:09
2 - 33% - 35% - 16:38
3 - 28% - 25% - 14:05
4 - 0% - 0% - 0:00
PP Forward
1 - 50% - 60% - 3:59
2 - 50% - 40% - 3:57
PP Defense
1 - 55% - 60% - 4:24
2 - 45% - 40% - 3:32
PK Forward
1 - 87% - 60% - 1:55
2 - 13% - 40% - 0:17
PK Defense
1 - 72% - 60% - 1:35
2 - 28% - 40% - 0:37
PK3 Forward
1 - 0% - 60%
2 - 0% - 40%
PK3 Defense
1 - 0% - 60%
2 - 0% - 40%
44 Forward
1 - 0% - 60%
2 - 0% - 40%
44 Defense
1 - 0% - 60%
2 - 0% - 40%
Last Minute Offensive - 0:00
Last Minute Defensive - 0:00
Total
Forward - 60:00
Defense - 60:00
|
% Time on Ice - New York Rangers
Lines # - Real PCT - Wanted PCT - Time Play
Normal Forward
1 - 29% - 30% - 14:40
2 - 29% - 30% - 14:15
3 - 27% - 25% - 13:19
4 - 15% - 15% - 7:38
Normal Defense
1 - 40% - 40% - 19:46
2 - 34% - 35% - 16:56
3 - 22% - 25% - 11:02
4 - 4% - 0% - 2:08
PP Forward
1 - 71% - 60% - 1:34
2 - 29% - 40% - 0:38
PP Defense
1 - 67% - 60% - 1:29
2 - 33% - 40% - 0:43
PK Forward
1 - 46% - 50% - 3:39
2 - 54% - 50% - 4:17
PK Defense
1 - 53% - 50% - 4:11
2 - 47% - 50% - 3:45
PK3 Forward
1 - 0% - 50%
2 - 0% - 50%
PK3 Defense
1 - 0% - 50%
2 - 0% - 50%
44 Forward
1 - 0% - 50%
2 - 0% - 50%
44 Defense
1 - 0% - 50%
2 - 0% - 50%
Last Minute Offensive - 0:00
Last Minute Defensive - 0:00
Total
Forward - 60:00
Defense - 60:00
|
Play-by-Play
1st period
0:01 of 1st period - Nazem Kadri wins face-off versus Mikael Granlund in neutral zone.
0:27 of 1st period - Jake McCabe is hit by Chandler Stephenson and loses puck.
0:33 of 1st period - Off-side.
0:34 of 1st period - Dylan Strome wins face-off versus Chandler Stephenson in neutral zone.
0:55 of 1st period - Snap shot by J.T. Compher.
0:55 of 1st period - Shot Hit the Post.
0:57 of 1st period - Wrist shot by Chandler Stephenson.
0:57 of 1st period - Stopped by Igor Shesterkin without a rebound.
0:58 of 1st period - Mark Scheifele wins face-off versus Sean Couturier in New York Rangers zone.
1:07 of 1st period - Slapshot by Conor Garland.
1:07 of 1st period - Stopped by James Reimer with a rebound.
1:09 of 1st period - Snap shot by John Marino.
1:09 of 1st period - Shot Blocked by Brenden Dillon.
1:27 of 1st period - Slapshot by Timo Meier.
1:27 of 1st period - Shot Blocked by Josh Manson.
1:39 of 1st period - Wrist shot by Mark Scheifele.
1:39 of 1st period - Shot Blocked by Cole Caufield.
1:47 of 1st period - Wrist shot by Mark Scheifele.
1:47 of 1st period - Stopped by Igor Shesterkin without a rebound.
1:48 of 1st period - Nazem Kadri wins face-off versus David Kampf in New York Rangers zone.
1:51 of 1st period - Snap shot by William Nylander.
1:51 of 1st period - Deflect By Nazem Kadri.
1:51 of 1st period - Shot Misses the Net.
1:51 of 1st period - Puck is out of play.
1:52 of 1st period - David Kampf wins face-off versus Nazem Kadri in New York Rangers zone.
1:52 of 1st period - David Kampf is hit by Morgan Rielly.
2:40 of 1st period - Wrist shot by William Nylander.
2:40 of 1st period - Shot Misses the Net.
3:07 of 1st period - Minor Penalty to Adam Larsson for Roughing.
3:08 of 1st period - Teuvo Teravainen wins face-off versus Mark Scheifele in New York Rangers zone.
3:18 of 1st period - John Marino is hit by Alex Killorn and loses puck.
3:49 of 1st period - Ivan Provorov is hit by Jake Walman and loses puck.
5:07 of 1st period - Penalty to Adam Larsson is over, Adam Larsson is back on ice.
5:33 of 1st period - Luke Evangelista is hit by Mikael Granlund and loses puck.
6:30 of 1st period - Chandler Stephenson is hit by Timo Meier and loses puck.
6:43 of 1st period - Artemi Panarin is hit by Brayden Schenn and loses puck.
7:07 of 1st period - Joshua Morrissey is hit by Jake Walman and loses puck.
7:58 of 1st period - Tyler Motte is hit by Josh Manson and loses puck.
8:09 of 1st period - Mason Marchment is hit by John Marino and loses puck.
8:16 of 1st period - Snap shot by Cole Caufield.
8:16 of 1st period - Stopped by James Reimer without a rebound.
8:17 of 1st period - Conor Garland wins face-off versus Nazem Kadri in Anaheim Ducks zone.
8:18 of 1st period - Wrist shot by Teuvo Teravainen.
8:18 of 1st period - Shot Blocked by Joshua Morrissey.
8:24 of 1st period - Jake McCabe is hit by Nazem Kadri and loses puck.
8:33 of 1st period - Backhand shot by John Tavares.
8:33 of 1st period - Stopped by Igor Shesterkin with a rebound.
8:52 of 1st period - Slapshot by Teuvo Teravainen.
8:52 of 1st period - Stopped by James Reimer with a rebound.
8:54 of 1st period - Snap shot by Sean Couturier.
8:54 of 1st period - Stopped by James Reimer with a rebound.
8:56 of 1st period - Backhand shot by Teuvo Teravainen.
8:56 of 1st period - Goal by Teuvo Teravainen - Anaheim Ducks : 0 - New York Rangers : 1.
8:57 of 1st period - Mikael Granlund wins face-off versus Mark Scheifele in neutral zone.
9:36 of 1st period - Snap shot by John Tavares.
9:36 of 1st period - Stopped by Igor Shesterkin with a rebound.
9:38 of 1st period - Snap shot by Joshua Morrissey.
9:38 of 1st period - Stopped by Igor Shesterkin with a rebound.
10:22 of 1st period - Snap shot by Chandler Stephenson.
10:22 of 1st period - Shot Blocked by Adam Larsson.
10:24 of 1st period - Slapshot by Ivan Provorov.
10:24 of 1st period - Stopped by Igor Shesterkin without a rebound.
10:25 of 1st period - Mark Scheifele wins face-off versus Timo Meier in New York Rangers zone.
10:28 of 1st period - Snap shot by Brayden Schenn.
10:28 of 1st period - Shot Misses the Net.
10:52 of 1st period - Mikael Granlund is hit by Nazem Kadri and loses puck.
11:09 of 1st period - Minor Penalty to John Marino for Tripping.
11:10 of 1st period - David Kampf wins face-off versus John Tavares in New York Rangers zone.
11:10 of 1st period - David Kampf is hit by Brayden Schenn.
11:20 of 1st period - Snap shot by William Nylander.
11:20 of 1st period - Stopped by Igor Shesterkin with a rebound.
11:22 of 1st period - Slapshot by Morgan Rielly.
11:22 of 1st period - Shot Blocked by David Kampf.
11:36 of 1st period - Alex Killorn is hit by Adam Larsson and loses puck.
11:43 of 1st period - Jake McCabe is hit by Mark Scheifele and loses puck.
11:58 of 1st period - Snap shot by Teuvo Teravainen.
11:58 of 1st period - Shot Misses the Net.
13:09 of 1st period - Penalty to John Marino is over, John Marino is back on ice.
13:19 of 1st period - Jake Walman is hit by Chandler Stephenson and loses puck.
13:41 of 1st period - Slapshot by Jake Walman.
13:41 of 1st period - Shot Blocked by Josh Manson.
13:43 of 1st period - Snap shot by David Kampf.
13:43 of 1st period - Shot Blocked by Josh Manson.
13:45 of 1st period - Slapshot by Jake Walman.
13:45 of 1st period - Stopped by James Reimer with a rebound.
13:47 of 1st period - Snap shot by Marcus Foligno.
13:47 of 1st period - Stopped by James Reimer with a rebound.
13:49 of 1st period - Snap shot by Adam Larsson.
13:49 of 1st period - Shot Misses the Net.
13:51 of 1st period - Slapshot by Adam Larsson.
13:51 of 1st period - Shot Blocked by Brenden Dillon.
13:53 of 1st period - Wrist shot by David Kampf.
13:53 of 1st period - Stopped by James Reimer with a rebound.
13:55 of 1st period - Wrist shot by David Kampf.
13:55 of 1st period - Shot Misses the Net.
14:03 of 1st period - Slapshot by Marcus Foligno.
14:03 of 1st period - Stopped by James Reimer with a rebound.
14:05 of 1st period - Slapshot by David Kampf.
14:05 of 1st period - Stopped by James Reimer with a rebound.
14:07 of 1st period - Backhand shot by Marcus Foligno.
14:07 of 1st period - Shot Blocked by Brenden Dillon.
14:09 of 1st period - Slapshot by Adam Larsson.
14:09 of 1st period - Shot Blocked by Josh Manson.
14:11 of 1st period - Snap shot by Jake Walman.
14:11 of 1st period - Deflect By Marcus Foligno.
14:11 of 1st period - Shot Misses the Net.
14:11 of 1st period - Puck is out of play.
14:12 of 1st period - Timo Meier wins face-off versus Chandler Stephenson in Anaheim Ducks zone.
14:39 of 1st period - Joshua Morrissey is hit by Sean Couturier and loses puck.
15:18 of 1st period - Snap shot by Morgan Rielly.
15:18 of 1st period - Shot Misses the Net.
15:20 of 1st period - Slapshot by Morgan Rielly.
15:20 of 1st period - Deflect By Chandler Stephenson.
15:20 of 1st period - Stopped by Igor Shesterkin without a rebound.
15:21 of 1st period - Chandler Stephenson wins face-off versus Timo Meier in New York Rangers zone.
15:26 of 1st period - Slapshot by Joshua Morrissey.
15:26 of 1st period - Shot Misses the Net.
16:12 of 1st period - Josh Manson is hit by Teuvo Teravainen and loses puck.
16:28 of 1st period - Icing by Brenden Dillon.
16:29 of 1st period - Nazem Kadri wins face-off versus Mikael Granlund in Anaheim Ducks zone.
16:42 of 1st period - Slapshot by Brayden Schenn.
16:42 of 1st period - Stopped by Igor Shesterkin with a rebound.
16:44 of 1st period - Snap shot by Mark Scheifele.
16:44 of 1st period - Stopped by Igor Shesterkin without a rebound.
16:45 of 1st period - Sean Couturier wins face-off versus Nazem Kadri in New York Rangers zone.
16:54 of 1st period - Wrist shot by Conor Garland.
16:54 of 1st period - Stopped by James Reimer with a rebound.
17:12 of 1st period - Cole Caufield is hit by Esa Lindell and loses puck.
17:17 of 1st period - Snap shot by Mark Scheifele.
17:17 of 1st period - Stopped by Igor Shesterkin without a rebound.
17:18 of 1st period - Sean Couturier wins face-off versus Mark Scheifele in New York Rangers zone.
18:40 of 1st period - Jake McCabe is hit by Mason Marchment and loses puck.
18:59 of 1st period - Slapshot by Joshua Morrissey.
18:59 of 1st period - Shot Blocked by Conor Garland.
19:01 of 1st period - Slapshot by Brayden Schenn.
19:01 of 1st period - Anaheim Ducks goal is going for a video replay.
19:01 of 1st period - The goal is refused. The referee deems the play has been stopped, even if he had not physically had the opportunity to stop play by blowing his whistle..
19:02 of 1st period - Dylan Strome wins face-off versus Nazem Kadri in New York Rangers zone.
19:09 of 1st period - Slapshot by Timo Meier.
19:09 of 1st period - Shot Misses the Net.
19:17 of 1st period - Wrist shot by Nazem Kadri.
19:17 of 1st period - Deflect By John Tavares.
19:17 of 1st period - Shot Misses the Net.
19:17 of 1st period - Puck is out of play.
19:18 of 1st period - Mark Scheifele wins face-off versus Sean Couturier in New York Rangers zone.
19:32 of 1st period - Off-side.
19:33 of 1st period - Nazem Kadri wins face-off versus Mikael Granlund in neutral zone.
Goals for this period are 0 for Anaheim Ducks vs 1 for New York Rangers.
Shots for this period are 12 for Anaheim Ducks vs 11 for New York Rangers.
2nd period
0:01 of 2nd period - Sean Couturier wins face-off versus Nazem Kadri in neutral zone.
0:09 of 2nd period - Wrist shot by Sean Couturier.
0:09 of 2nd period - Shot Blocked by Esa Lindell.
0:11 of 2nd period - Wrist shot by Sean Couturier.
0:11 of 2nd period - Stopped by James Reimer with a rebound.
0:13 of 2nd period - Snap shot by Conor Garland.
0:13 of 2nd period - Stopped by James Reimer without a rebound.
0:14 of 2nd period - Dylan Strome wins face-off versus Nazem Kadri in Anaheim Ducks zone.
1:33 of 2nd period - Wrist shot by Chandler Stephenson.
1:33 of 2nd period - Shot Blocked by Tyler Motte.
1:37 of 2nd period - Snap shot by Alexandre Texier.
1:37 of 2nd period - Shot Misses the Net.
1:39 of 2nd period - Snap shot by Alexandre Texier.
1:39 of 2nd period - Shot Misses the Net.
1:41 of 2nd period - Snap shot by Chandler Stephenson.
1:41 of 2nd period - Goal by Chandler Stephenson - Anaheim Ducks : 1 - New York Rangers : 1.
1:42 of 2nd period - Nazem Kadri wins face-off versus Dylan Strome in neutral zone.
1:57 of 2nd period - Slapshot by William Nylander.
1:57 of 2nd period - Shot Misses the Net.
2:15 of 2nd period - Snap shot by Artemi Panarin.
2:15 of 2nd period - Deflect By Brayden Schenn.
2:15 of 2nd period - Shot Misses the Net.
2:15 of 2nd period - Puck is out of play.
2:16 of 2nd period - Mark Scheifele wins face-off versus Sean Couturier in Anaheim Ducks zone.
3:02 of 2nd period - Wrist shot by Brayden Schenn.
3:02 of 2nd period - Shot Misses the Net.
3:04 of 2nd period - Wrist shot by Alex Killorn.
3:04 of 2nd period - Stopped by Igor Shesterkin without a rebound.
3:04 of 2nd period - Minor Penalty to Igor Shesterkin for Slashing.
3:05 of 2nd period - John Tavares wins face-off versus David Kampf in New York Rangers zone.
3:19 of 2nd period - Wrist shot by Marcus Foligno.
3:19 of 2nd period - Shot Blocked by William Nylander.
3:31 of 2nd period - Jake Walman is hit by Mark Scheifele and loses puck.
4:35 of 2nd period - Jake Walman is hit by Morgan Rielly and loses puck.
5:04 of 2nd period - Penalty to Dylan Strome is over, Dylan Strome is back on ice.
5:11 of 2nd period - Wrist shot by Cole Caufield.
5:11 of 2nd period - Stopped by James Reimer with a rebound.
6:11 of 2nd period - Snap shot by Cole Caufield.
6:11 of 2nd period - Deflect By Marcus Foligno.
6:11 of 2nd period - Shot Misses the Net.
6:11 of 2nd period - Puck is out of play.
6:12 of 2nd period - William Nylander wins face-off versus David Kampf in Anaheim Ducks zone.
6:12 of 2nd period - William Nylander is hit by Cam Fowler.
6:48 of 2nd period - Artemi Panarin is hit by Joshua Morrissey and loses puck.
6:59 of 2nd period - Alex Killorn is hit by Adam Larsson.
7:18 of 2nd period - Off-side.
7:19 of 2nd period - Sean Couturier wins face-off versus Nazem Kadri in neutral zone.
7:24 of 2nd period - Snap shot by Conor Garland.
7:24 of 2nd period - Shot Blocked by Morgan Rielly.
7:26 of 2nd period - Slapshot by Sean Couturier.
7:26 of 2nd period - Goal by Sean Couturier - Anaheim Ducks : 1 - New York Rangers : 2.
7:27 of 2nd period - Mikael Granlund wins face-off versus Nazem Kadri in neutral zone.
7:33 of 2nd period - Minor Penalty to John Tavares for Hooking.
7:34 of 2nd period - Nathan MacKinnon wins face-off versus J.T. Compher in Anaheim Ducks zone.
7:40 of 2nd period - Slapshot by Nathan MacKinnon.
7:40 of 2nd period - Stopped by James Reimer with a rebound.
7:42 of 2nd period - Wrist shot by Cam Fowler.
7:42 of 2nd period - Shot Blocked by Esa Lindell.
7:44 of 2nd period - Slapshot by Cam Fowler.
7:44 of 2nd period - Shot Blocked by Esa Lindell.
7:46 of 2nd period - Snap shot by Nathan MacKinnon.
7:46 of 2nd period - Deflect By Cole Caufield.
7:46 of 2nd period - New York Rangers goal is going for a video replay.
7:46 of 2nd period - The goal is good.
7:46 of 2nd period - Goal by Cole Caufield - Anaheim Ducks : 1 - New York Rangers : 3.
7:47 of 2nd period - Nazem Kadri wins face-off versus Mikael Granlund in neutral zone.
8:31 of 2nd period - Sean Couturier is hit by Esa Lindell.
10:32 of 2nd period - Slapshot by William Nylander.
10:32 of 2nd period - Shot Misses the Net.
10:48 of 2nd period - Nathan MacKinnon is hit by William Nylander.
10:52 of 2nd period - Wrist shot by Nathan MacKinnon.
10:52 of 2nd period - Deflect By Mikael Granlund.
10:52 of 2nd period - Shot Misses the Net.
10:52 of 2nd period - Puck is out of play.
10:53 of 2nd period - Chandler Stephenson wins face-off versus Conor Garland in Anaheim Ducks zone.
11:00 of 2nd period - Snap shot by Chandler Stephenson.
11:00 of 2nd period - Stopped by Igor Shesterkin without a rebound.
11:01 of 2nd period - Sean Couturier wins face-off versus Chandler Stephenson in New York Rangers zone.
11:14 of 2nd period - Snap shot by Sean Couturier.
11:14 of 2nd period - Deflect By Morgan Rielly.
11:14 of 2nd period - Shot Misses the Net.
11:14 of 2nd period - Puck is out of play.
11:15 of 2nd period - Mikael Granlund wins face-off versus William Nylander in Anaheim Ducks zone.
11:32 of 2nd period - Wrist shot by Nazem Kadri.
11:32 of 2nd period - Stopped by Igor Shesterkin with a rebound.
11:50 of 2nd period - Slapshot by Morgan Rielly.
11:50 of 2nd period - Shot Misses the Net.
11:52 of 2nd period - Slapshot by Ivan Provorov.
11:52 of 2nd period - Shot Blocked by Jake McCabe.
12:06 of 2nd period - Jake McCabe is hit by Brayden Schenn and loses puck.
12:57 of 2nd period - Wrist shot by Artemi Panarin.
12:57 of 2nd period - Stopped by James Reimer with a rebound.
13:08 of 2nd period - Off-side.
13:09 of 2nd period - Nazem Kadri wins face-off versus Cole Caufield in neutral zone.
13:22 of 2nd period - Snap shot by Cole Caufield.
13:22 of 2nd period - Deflect By John Tavares.
13:22 of 2nd period - Stopped by James Reimer without a rebound.
13:23 of 2nd period - Sean Couturier wins face-off versus Nazem Kadri in Anaheim Ducks zone.
13:29 of 2nd period - Off-side.
13:30 of 2nd period - Nazem Kadri wins face-off versus Sean Couturier in neutral zone.
13:37 of 2nd period - Snap shot by William Nylander.
13:37 of 2nd period - Shot Misses the Net.
13:39 of 2nd period - Slapshot by Joshua Morrissey.
13:39 of 2nd period - Shot Misses the Net.
14:21 of 2nd period - Snap shot by John Tavares.
14:21 of 2nd period - Stopped by Igor Shesterkin with a rebound.
14:23 of 2nd period - Snap shot by Esa Lindell.
14:23 of 2nd period - Shot Misses the Net.
14:29 of 2nd period - Snap shot by Nazem Kadri.
14:29 of 2nd period - Goal by Nazem Kadri - Anaheim Ducks : 2 - New York Rangers : 3.
14:30 of 2nd period - Dylan Strome wins face-off versus Mark Scheifele in neutral zone.
15:21 of 2nd period - Nathan MacKinnon is hit by Esa Lindell and loses puck.
15:40 of 2nd period - Slapshot by Conor Garland.
15:40 of 2nd period - Shot Misses the Net.
15:42 of 2nd period - Slapshot by Jake Walman.
15:42 of 2nd period - Stopped by James Reimer with a rebound.
16:39 of 2nd period - Snap shot by John Tavares.
16:39 of 2nd period - Stopped by Igor Shesterkin with a rebound.
17:16 of 2nd period - Slapshot by Cole Caufield.
17:16 of 2nd period - Shot Blocked by Ivan Provorov.
17:18 of 2nd period - Slapshot by Matthew Benning.
17:18 of 2nd period - Shot Blocked by Ivan Provorov.
17:20 of 2nd period - Slapshot by John Marino.
17:20 of 2nd period - Shot Misses the Net.
17:36 of 2nd period - Snap shot by Nazem Kadri.
17:36 of 2nd period - Deflect By John Tavares.
17:36 of 2nd period - Shot Blocked by Jake McCabe.
17:36 of 2nd period - Puck is out of play.
17:37 of 2nd period - Nazem Kadri wins face-off versus Mikael Granlund in New York Rangers zone.
18:11 of 2nd period - Wrist shot by Artemi Panarin.
18:11 of 2nd period - Stopped by James Reimer with a rebound.
18:13 of 2nd period - Snap shot by Jake McCabe.
18:13 of 2nd period - Goal by Jake McCabe - Anaheim Ducks : 2 - New York Rangers : 4.
18:14 of 2nd period - Brayden Schenn wins face-off versus Dylan Strome in neutral zone.
18:16 of 2nd period - Minor Penalty to Mark Scheifele for Roughing.
18:17 of 2nd period - J.T. Compher wins face-off versus Nathan MacKinnon in Anaheim Ducks zone.
18:21 of 2nd period - Slapshot by Esa Lindell.
18:21 of 2nd period - Deflect By J.T. Compher.
18:21 of 2nd period - Shot Blocked by Artemi Panarin.
18:21 of 2nd period - Puck is out of play.
18:22 of 2nd period - J.T. Compher wins face-off versus Nathan MacKinnon in New York Rangers zone.
18:48 of 2nd period - Off-side.
18:49 of 2nd period - J.T. Compher wins face-off versus Dylan Strome in neutral zone.
18:51 of 2nd period - Joshua Morrissey is hit by Jake Walman and loses puck.
Goals for this period are 2 for Anaheim Ducks vs 3 for New York Rangers.
Shots for this period are 7 for Anaheim Ducks vs 11 for New York Rangers.
3rd period
0:01 of 3rd period - Nathan MacKinnon wins face-off versus J.T. Compher in neutral zone.
0:06 of 3rd period - Snap shot by Nathan MacKinnon.
0:06 of 3rd period - Shot Misses the Net.
0:08 of 3rd period - Wrist shot by Mikael Granlund.
0:08 of 3rd period - Shot Misses the Net.
0:10 of 3rd period - Snap shot by Cole Caufield.
0:10 of 3rd period - Stopped by James Reimer with a rebound.
0:12 of 3rd period - Slapshot by Cam Fowler.
0:12 of 3rd period - Deflect By Cole Caufield.
0:12 of 3rd period - Stopped by James Reimer with a rebound.
0:14 of 3rd period - Snap shot by Cam Fowler.
0:14 of 3rd period - Stopped by James Reimer with a rebound.
0:16 of 3rd period - Penalty to Mark Scheifele is over, Mark Scheifele is back on ice.
0:16 of 3rd period - Wrist shot by Nathan MacKinnon.
0:16 of 3rd period - Shot Misses the Net.
1:10 of 3rd period - Alex Killorn is hit by Dylan Strome and loses puck.
1:29 of 3rd period - Snap shot by Conor Garland.
1:29 of 3rd period - Shot Misses the Net.
1:41 of 3rd period - Wrist shot by Artemi Panarin.
1:41 of 3rd period - Shot Misses the Net.
1:43 of 3rd period - Snap shot by Nathan MacKinnon.
1:43 of 3rd period - Stopped by James Reimer without a rebound.
1:44 of 3rd period - Dylan Strome wins face-off versus Nazem Kadri in Anaheim Ducks zone.
1:45 of 3rd period - Slapshot by Timo Meier.
1:45 of 3rd period - Stopped by James Reimer with a rebound.
2:19 of 3rd period - Snap shot by Mark Scheifele.
2:19 of 3rd period - Stopped by Igor Shesterkin without a rebound.
2:20 of 3rd period - Mikael Granlund wins face-off versus Mark Scheifele in New York Rangers zone.
2:22 of 3rd period - Minor Penalty to Mikael Granlund for Interference.
2:23 of 3rd period - John Tavares wins face-off versus Sean Couturier in New York Rangers zone.
2:55 of 3rd period - Marcus Foligno is hit by Mark Scheifele.
4:22 of 3rd period - Penalty to Mikael Granlund is over, Mikael Granlund is back on ice.
4:32 of 3rd period - Off-side.
4:33 of 3rd period - Chandler Stephenson wins face-off versus Mikael Granlund in neutral zone.
4:45 of 3rd period - Slapshot by Alexandre Texier.
4:45 of 3rd period - Shot Blocked by Jake McCabe.
4:47 of 3rd period - Slapshot by J.T. Compher.
4:47 of 3rd period - Shot Misses the Net.
4:49 of 3rd period - Backhand shot by Brenden Dillon.
4:49 of 3rd period - Deflect By Chandler Stephenson.
4:49 of 3rd period - Stopped by Igor Shesterkin with a rebound.
5:05 of 3rd period - Wrist shot by Luke Evangelista.
5:05 of 3rd period - Deflect By Timo Meier.
5:05 of 3rd period - Stopped by Igor Shesterkin with a rebound.
5:07 of 3rd period - Snap shot by Brenden Dillon.
5:07 of 3rd period - Shot Misses the Net.
5:09 of 3rd period - Wrist shot by Josh Manson.
5:09 of 3rd period - Deflect By Luke Evangelista.
5:09 of 3rd period - Stopped by Igor Shesterkin without a rebound.
5:10 of 3rd period - Sean Couturier wins face-off versus Nazem Kadri in New York Rangers zone.
6:06 of 3rd period - Slapshot by Luke Evangelista.
6:06 of 3rd period - Shot Blocked by Matthew Benning.
6:10 of 3rd period - Snap shot by Luke Evangelista.
6:10 of 3rd period - Deflect By Alexey Toropchenko.
6:10 of 3rd period - Stopped by Igor Shesterkin with a rebound.
6:40 of 3rd period - Slapshot by Marcus Foligno.
6:40 of 3rd period - Stopped by James Reimer with a rebound.
6:42 of 3rd period - Snap shot by Matthew Benning.
6:42 of 3rd period - Stopped by James Reimer with a rebound.
8:20 of 3rd period - Adam Larsson is hit by Chandler Stephenson.
8:38 of 3rd period - Conor Garland is hit by Brenden Dillon and loses puck.
8:45 of 3rd period - Sean Couturier is hit by Alexandre Texier and loses puck.
8:52 of 3rd period - Conor Garland is hit by Alexandre Texier and loses puck.
10:02 of 3rd period - Snap shot by Chandler Stephenson.
10:02 of 3rd period - Shot Misses the Net.
10:04 of 3rd period - Slapshot by Chandler Stephenson.
10:04 of 3rd period - Shot Misses the Net.
10:06 of 3rd period - Snap shot by J.T. Compher.
10:06 of 3rd period - Shot Blocked by Conor Garland.
10:08 of 3rd period - Slapshot by Brenden Dillon.
10:08 of 3rd period - Deflect By Alexandre Texier.
10:08 of 3rd period - Shot Misses the Net.
10:08 of 3rd period - Puck is out of play.
10:09 of 3rd period - Dylan Strome wins face-off versus Nazem Kadri in New York Rangers zone.
10:32 of 3rd period - Icing by Adam Larsson.
10:33 of 3rd period - Mark Scheifele wins face-off versus Mikael Granlund in New York Rangers zone.
10:40 of 3rd period - Snap shot by Alex Killorn.
10:40 of 3rd period - Shot Blocked by Adam Larsson.
10:42 of 3rd period - Snap shot by Alex Killorn.
10:42 of 3rd period - Deflect By Nathan MacKinnon.
10:42 of 3rd period - Shot Misses the Net.
10:42 of 3rd period - Puck is out of play.
10:43 of 3rd period - Timo Meier wins face-off versus Nazem Kadri in New York Rangers zone.
10:52 of 3rd period - Icing by William Nylander.
10:53 of 3rd period - Dylan Strome wins face-off versus Nazem Kadri in Anaheim Ducks zone.
10:54 of 3rd period - Slapshot by Cole Caufield.
10:54 of 3rd period - Stopped by James Reimer with a rebound.
11:04 of 3rd period - Slapshot by Nazem Kadri.
11:04 of 3rd period - Stopped by Igor Shesterkin with a rebound.
11:06 of 3rd period - Snap shot by John Tavares.
11:06 of 3rd period - Stopped by Igor Shesterkin with a rebound.
11:08 of 3rd period - Slapshot by William Nylander.
11:08 of 3rd period - Stopped by Igor Shesterkin with a rebound.
11:10 of 3rd period - Slapshot by Ivan Provorov.
11:10 of 3rd period - Deflect By Nazem Kadri.
11:10 of 3rd period - Stopped by Igor Shesterkin with a rebound.
11:12 of 3rd period - Snap shot by Morgan Rielly.
11:12 of 3rd period - Deflect By William Nylander.
11:12 of 3rd period - Shot Blocked by Dylan Strome.
11:12 of 3rd period - Puck is out of play.
11:13 of 3rd period - Mikael Granlund wins face-off versus Mark Scheifele in New York Rangers zone.
11:40 of 3rd period - Timo Meier is hit by Esa Lindell and loses puck.
12:03 of 3rd period - Snap shot by Luke Evangelista.
12:03 of 3rd period - Stopped by Igor Shesterkin with a rebound.
12:05 of 3rd period - Snap shot by Mason Marchment.
12:05 of 3rd period - Stopped by Igor Shesterkin without a rebound.
12:06 of 3rd period - Mikael Granlund wins face-off versus Mason Marchment in New York Rangers zone.
12:28 of 3rd period - Icing by Mikael Granlund.
12:29 of 3rd period - Nazem Kadri wins face-off versus Mikael Granlund in New York Rangers zone.
12:48 of 3rd period - Slapshot by Nathan MacKinnon.
12:48 of 3rd period - Shot Misses the Net.
13:24 of 3rd period - Snap shot by Nazem Kadri.
13:24 of 3rd period - Goal by Nazem Kadri - Anaheim Ducks : 3 - New York Rangers : 4.
13:25 of 3rd period - Dylan Strome wins face-off versus Mark Scheifele in neutral zone.
13:30 of 3rd period - Snap shot by Timo Meier.
13:30 of 3rd period - Stopped by James Reimer without a rebound.
13:31 of 3rd period - Dylan Strome wins face-off versus Mark Scheifele in Anaheim Ducks zone.
13:58 of 3rd period - David Kampf is hit by Nazem Kadri and loses puck.
14:11 of 3rd period - William Nylander is hit by David Kampf and loses puck.
15:34 of 3rd period - Icing by Artemi Panarin.
15:35 of 3rd period - David Kampf wins face-off versus Chandler Stephenson in New York Rangers zone.
15:49 of 3rd period - Slapshot by Tyler Motte.
15:49 of 3rd period - Stopped by James Reimer without a rebound.
15:50 of 3rd period - Sean Couturier wins face-off versus Nazem Kadri in Anaheim Ducks zone.
15:51 of 3rd period - Snap shot by Teuvo Teravainen.
15:51 of 3rd period - Stopped by James Reimer without a rebound.
15:52 of 3rd period - William Nylander wins face-off versus Sean Couturier in Anaheim Ducks zone.
15:57 of 3rd period - Slapshot by William Nylander.
15:57 of 3rd period - Shot Misses the Net.
16:22 of 3rd period - Snap shot by Marcus Foligno.
16:22 of 3rd period - Deflect By Tyler Motte.
16:22 of 3rd period - Shot Misses the Net.
16:22 of 3rd period - Puck is out of play.
16:23 of 3rd period - Chandler Stephenson wins face-off versus David Kampf in Anaheim Ducks zone.
16:34 of 3rd period - Wrist shot by Alexandre Texier.
16:34 of 3rd period - Stopped by Igor Shesterkin with a rebound.
16:39 of 3rd period - Off-side.
16:40 of 3rd period - Sean Couturier wins face-off versus Nazem Kadri in neutral zone.
16:45 of 3rd period - Slapshot by Cam Fowler.
16:45 of 3rd period - Shot Blocked by John Tavares.
16:47 of 3rd period - Slapshot by Conor Garland.
16:47 of 3rd period - Shot Misses the Net.
16:49 of 3rd period - Slapshot by Conor Garland.
16:49 of 3rd period - Stopped by James Reimer without a rebound.
16:50 of 3rd period - Nazem Kadri wins face-off versus Sean Couturier in Anaheim Ducks zone.
17:12 of 3rd period - Snap shot by Conor Garland.
17:12 of 3rd period - Deflect By Sean Couturier.
17:12 of 3rd period - Goal by Sean Couturier - Anaheim Ducks : 3 - New York Rangers : 5.
17:13 of 3rd period - David Kampf wins face-off versus John Tavares in neutral zone.
17:16 of 3rd period - Esa Lindell is hit by Marcus Foligno and loses puck.
18:29 of 3rd period - Snap shot by William Nylander.
18:29 of 3rd period - Stopped by Igor Shesterkin with a rebound.
18:39 of 3rd period - Luke Evangelista is hit by Timo Meier and loses puck.
18:52 of 3rd period - Snap shot by Chandler Stephenson.
18:52 of 3rd period - Stopped by Igor Shesterkin without a rebound.
18:53 of 3rd period - Chandler Stephenson wins face-off versus David Kampf in New York Rangers zone.
18:54 of 3rd period - Wrist shot by J.T. Compher.
18:54 of 3rd period - Shot Blocked by John Marino.
18:56 of 3rd period - Slapshot by Esa Lindell.
18:56 of 3rd period - Shot Misses the Net.
18:58 of 3rd period - Slapshot by Joshua Morrissey.
18:58 of 3rd period - Shot Misses the Net.
19:08 of 3rd period - Wrist shot by Chandler Stephenson.
19:08 of 3rd period - Stopped by Igor Shesterkin without a rebound.
19:09 of 3rd period - Sean Couturier wins face-off versus Nazem Kadri in New York Rangers zone.
19:18 of 3rd period - Wrist shot by Conor Garland.
19:18 of 3rd period - Shot Misses the Net.
19:20 of 3rd period - Slapshot by Conor Garland.
19:20 of 3rd period - Shot Misses the Net.
19:36 of 3rd period - Snap shot by Marcus Foligno.
19:36 of 3rd period - Stopped by James Reimer without a rebound.
19:37 of 3rd period - David Kampf wins face-off versus Nazem Kadri in Anaheim Ducks zone.
19:40 of 3rd period - Snap shot by Marcus Foligno.
19:40 of 3rd period - Goal by Marcus Foligno - Anaheim Ducks : 3 - New York Rangers : 6.
19:41 of 3rd period - Dylan Strome wins face-off versus Nazem Kadri in neutral zone.
19:52 of 3rd period - Slapshot by Timo Meier.
19:52 of 3rd period - Shot Blocked by Esa Lindell.
19:58 of 3rd period - Cole Caufield is hit by Joshua Morrissey and loses puck.
Goals for this period are 1 for Anaheim Ducks vs 2 for New York Rangers.
Shots for this period are 16 for Anaheim Ducks vs 15 for New York Rangers.
Back to the Top